 Dungeon Crawl Stone Soup version 0.30-a0-737-gf23d94013f (webtiles) character file.

Game seed: 5087659658713027237

10276 retardedninja the Protected (level 11, -4/73 HPs)
             Began as a Gargoyle Fighter on Feb 1, 2023.
             Was an Initiate of Gozag.
             Slain by a yak (9 damage)
             ... on level 10 of the Dungeon.
             The game lasted 00:16:40 (13126 turns).

retardedninja the Protected (Gargoyle Fighter)     Turns: 13126, Time: 00:16:40

Health: -4/73      AC: 32    Str: 24    XL:     11   Next: 59%
Magic:  11/11      EV:  3    Int: 11    God:    Gozag
Gold:   600        SH: 12    Dex: 15    Spells: 10/10 levels left

rFire   . . .      SeeInvis +    n - +6 whip of Ecwodgh {elec, rPois rC++ Int+2 Stlth+}
rCold   + + .      Faith    .    D - +0 kite shield
rNeg    + . .      Spirit   .    B - +1 crystal plate armour
rPois   ∞          Reflect  .    i - +0 helmet
rElec   +          Harm     .    (no cloak)
rCorr   +          Rampage  .    z - +0 pair of gloves
Will    .....                    (no boots) Stlth
                                 (no amulet)
HPRegen 0.32/turn                u - ring "Onutaci" {rCorr SInv}
MPRegen 0.12/turn                y - +6 ring of dexterity

@: gold aura
A: sickness immunity, AC +8, negative energy resistance 1, electricity
resistance, torment resistance 1, petrification resistance
a: Renounce Religion, Potion Petition, Call Merchant, Bribe Branch


You were on level 10 of the Dungeon.
You worshipped Gozag.
Gozag was pleased with you.
You visited 2 branches of the dungeon, and saw 12 of its levels.

You collected 1521 gold pieces.
You spent 825 gold pieces at shops.
You paid 96 gold pieces to Gozag.

Inventory:

Hand Weapons
 n - the +6 whip of Ecwodgh (weapon) {elec, rPois rC++ Int+2 Stlth+}
   (You found it on level 10 of the Dungeon)

   Int:       It affects your intelligence (+2).
   rC:        It greatly protects you from cold.
   rPois:     It protects you from poison.
   Stlth:     It makes you more stealthy.
 r - the +3 mace of Spontaneous Combustion {flame, rN+ Int+5}
   (You found it on level 4 of the Dungeon)

   Int:       It affects your intelligence (+5).
   rN:        It protects you from negative energy.
Missiles
 j - a throwing net (quivered)
Armour
 i - a +0 helmet (worn)
 z - a +0 pair of gloves (worn)
 B - a +1 crystal plate armour (worn)
 D - a +0 kite shield (worn)
Jewellery
 u - the ring "Onutaci" (left hand) {rCorr SInv}
   (You found it on level 5 of the Dungeon)

   [ring of resist corrosion]

   SInv:      It lets you see invisible.
   rCorr:     It protects you from acid and corrosion.
 y - a +6 ring of dexterity (right hand)
Wands
 g - a wand of flame (14)
 k - a wand of charming (15)
 C - a wand of iceblast (4)
Scrolls
 a - 2 scrolls of enchant weapon
 e - 5 scrolls of noise
 f - 3 scrolls of teleportation
 h - 2 scrolls of immolation
 l - a scroll of fear
 m - a scroll of identify
 p - 2 scrolls of fog
 w - 2 scrolls of brand weapon
Potions
 o - a potion of attraction
 s - a potion of brilliance
 t - 2 potions of mutation
 v - 2 potions of flight


   Skills:
 + Level 10.4 Fighting
 + Level 9.3 Maces & Flails
 + Level 10.4 Armour
 + Level 10.4 Shields


You had 10 spell levels left.
You didn't know any spells.
Your spell library contained the following spells:

 Spells                   Type           Power      Damage    Failure   Level
 Sting                    Tmut/Pois      0%         1d3       100%        1
 Lesser Beckoning         Tloc           0%         N/A       100%        2
 Poisonous Vapours        Pois/Air       0%         N/A       100%        2
 Gell's Gravitas          Tloc           0%         N/A       100%        3
 Ignite Poison            Fire/Tmut/Pois 0%         N/A       100%        3
 Mephitic Cloud           Conj/Pois/Air  0%         N/A       100%        3
 Ozocubu's Armour         Ice            0%         N/A       100%        3
 Teleport Other           Tloc           0%         N/A       100%        3
 Manifold Assault         Tloc           0%         N/A       100%        4
 Olgreb's Toxic Radiance  Pois           0%         N/A       100%        4
 Petrify                  Tmut/Erth      0%         N/A       100%        4
 Summon Ice Beast         Ice/Summ       0%         N/A       100%        4
 Blade Hands              Tmut           0%         N/A       100%        5
 Irradiate                Conj/Tmut      0%         3d11      100%        5
 Summon Mana Viper        Hex/Summ       0%         N/A       100%        5
 Dispersal                Tloc           0%         N/A       100%        6
 Dragon Form              Tmut           0%         N/A       100%        7
 Monstrous Menagerie      Summ           0%         N/A       100%        7
 Disjunction              Tloc           0%         N/A       100%        8
 Cigotuvi's Dreadful Rot  Necr/Pois/Air  Unusable   N/A       N/A         2
 Sublimation of Blood     Necr           Unusable   N/A       N/A         2
 Simulacrum               Ice/Necr       Unusable   N/A       N/A         6

Dungeon Overview and Level Annotations

Branches:
Dungeon (11/15)            Temple (1/1) D:5            Lair (0/5) D:11
    Orc: D:9-12

Altars:
Ashenzari
Cheibriados
Dithmenos
Elyvilon
Fedhas
Gozag
Hepliaklqana
Kikubaaqudgha
Makhleb
Nemelex Xobeh
Okawaru
Qazlal
Ru
Sif Muna
Trog
Uskayaw
Vehumet
Wu Jian
Xom
Yredelemnul
Zin
The Shining One

Shops:
D:5 *:[   D:8 *   D:10 (


Innate Abilities, Weirdness & Mutations

You are immune to sickness and miasma.
Your stone body is resilient. (AC +8)
You are immune to poison.
You resist negative energy. (rN+)
You are resistant to electric shocks. (rElec)
You are resistant to unholy torment.
You are immune to petrification.


Message History

The yak gores you!
* * * LOW HITPOINT WARNING * * *
You block the vampire mosquito's attack.
The yak gores you but does no damage.
You block the vampire mosquito's attack.
There is a stone staircase leading up here.
The vampire mosquito bites you but does no damage.
You block the yak's attack.
You block the vampire mosquito's attack.
You climb upwards.
There is a stone staircase leading down here.
You see here a +0 buckler.
You barely miss the vampire mosquito.
The vampire mosquito is heavily damaged.
The vampire mosquito bites you but does no damage.
You block the yak's attack.
You block the vampire mosquito's attack.
You whack the vampire mosquito!
Lightning courses through the vampire mosquito!
You destroy the vampire mosquito!
The yak gores you but does no damage. The yak attacks as you move away!
You block the yak's attack.
Items here: $ ))).
You hit the yak.
The yak is moderately wounded.
The yak gores you but does no damage.
You closely miss the yak.
The yak is moderately wounded.
The yak gores you but does no damage.
You hit the yak.
The yak is moderately wounded.
You hit the yak.
The yak is heavily wounded.
The yak gores you!
* * * LOW HITPOINT WARNING * * *
You hit the yak.
The yak is severely wounded.
The yak gores you!
You die...
Your body crumbles into a pile of gold.

............#..#.#..#..#
##..........#.##.......#
.#.##.......#.#........#
##..........#.#.#..#...#
######'##...###.(......#
....##..#......###.....#
######..#....#.#.#..##.#
#####..####...#Y#..##.#
#.........#...#@#..##)#
#####..####...#.#..##.#
###..####.#.#.#.....#
#.......#...#.#.....#
#############.#.....#
#.'.....# #.#.....#
#.#.....# ### #.#.....#


You could see a yak.

Vanquished Creatures
  Harold (D:10)
  2 two-headed ogres
  An ugly thing (D:10)
  Maggie (D:6)
  A hornet (D:8)
  4 slime creatures (D:10)
  A shadow (D:11)
  2 wyverns
  14 yaks
  A wraith (D:11)
  2 vampire mosquitoes
  3 steam dragons
  An acid dragon (D:9)
  An ice beast (D:5)
  3 black bears
  2 orc warriors
  A sky beast (D:7)
  An ogre (D:7)
  5 centaurs
  2 phantoms
  2 bullfrogs
  4 gnoll sergeants
  2 scorpions (D:4)
  10 wights
  4 killer bees (D:10)
  6 howler monkeys
  4 jellies
  4 hounds
  5 orc priests
  4 iguanas
  7 orc wizards
  18 gnolls
  2 adders
  A shadow imp (D:8)
  4 dart slugs
  4 worms
  32 orcs
  5 endoplasms
  2 giant cockroaches
  7 goblins
  6 hobgoblins
  3 kobolds
  3 quokkas
  5 ball pythons
  7 bats
  A frilled lizard (D:1)
  6 rats
207 creatures vanquished.

Vanquished Creatures (collateral kills)
  2 goblins (D:4)
  A kobold (D:4)
3 creatures vanquished.

Vanquished Creatures (others)
  6 plants (D:3)
  10 withered plants (D:3)
16 creatures vanquished.

Grand Total: 226 creatures vanquished

Notes
Turn   | Place    | Note
-------+----------+-------------------------------------------
     0 | D:1      | retardedninja the Gargoyle Fighter began the quest for the
                  | Orb.
     0 | D:1      | Reached XP level 1. HP: 14/14 MP: 1/1
    73 | D:1      | Reached XP level 2. HP: 11/19 MP: 2/2
   340 | D:1      | Reached XP level 3. HP: 17/23 MP: 3/3
  1402 | D:2      | Reached XP level 4. HP: 26/29 MP: 4/4
  1415 | D:2      | HP: 1/29 [orc/+1 short sword of speed (4)]
  1833 | D:2      | HP: 1/29 [endoplasm (1)]
  2280 | D:3      | Reached XP level 5. HP: 24/33 MP: 5/5
  2351 | D:3      | Found a hazy altar of Hepliaklqana.
  2481 | D:3      | Got Sif Muna's Textbook on Heat and the Serac
  2597 | D:3      | Found a faded altar of an unknown god.
  3045 | D:4      | Reached XP level 6. HP: 17/39 MP: 6/6
  3807 | D:4      | Reached skill level 5 in Fighting
  3807 | D:4      | Reached skill level 5 in Armour
  3807 | D:4      | Reached skill level 5 in Shields
  3807 | D:4      | Reached XP level 7. HP: 42/44 MP: 7/7
  3843 | D:4      | Found an ornate altar of the Wu Jian Council.
  4107 | D:4      | Identified the +3 mace of Spontaneous Combustion {flame,
                  | rN+ Int+5}
  4263 | D:5      | Entered Level 5 of the Dungeon
  4534 | D:5      | Found a sacrificial altar of Ru.
  4566 | D:5      | Found Ijosisel's Book Emporium.
  4713 | D:5      | Found a blossoming altar of Fedhas.
  4794 | D:5      | Identified the ring "Onutaci" {rCorr SInv}
  4822 | D:5      | Reached XP level 8. HP: 27/51 MP: 8/8
  5026 | D:5      | Found a staircase to the Ecumenical Temple.
  5047 | Temple   | Entered the Ecumenical Temple
  5057 | Temple   | Became a worshipper of Gozag Ym Sagoz the Greedy
  5129 | D:5      | Found Vogowa's General Store.
  5188 | D:5      | Found a white marble altar of Elyvilon.
  5216 | D:5      | Found Lailem's Antique Armour Shoppe.
  5237 | D:5      | Found a sparkling altar of Nemelex Xobeh.
  5296 | D:5      | Found a hide-covered altar of Uskayaw.
  5430 | D:6      | Reached skill level 5 in Maces & Flails
  6350 | D:6      | Noticed Maggie
  6370 | D:6      | Killed Maggie
  7001 | D:7      | Reached XP level 9. HP: 40/57 MP: 9/9
  7831 | D:8      | Noticed a hornet
  7844 | D:8      | Killed a hornet
  8028 | D:8      | Reached XP level 10. HP: 39/64 MP: 10/10
  8893 | D:8      | Found Zyatirr's Lightly-Used Armoury.
  9194 | D:9      | Noticed a two-headed ogre
  9210 | D:9      | Killed a two-headed ogre
  9671 | D:8      | Bought a -1 crystal plate armour for 825 gold pieces
 10403 | D:10     | Entered Level 10 of the Dungeon
 10484 | D:10     | Found a shadowy altar of Dithmenos.
 10504 | D:10     | Noticed a white ugly thing
 10514 | D:10     | Killed a white ugly thing
 10550 | D:10     | Reached XP level 11. HP: 49/71 MP: 11/11
 10657 | D:10     | Found Deokur's Weapon Boutique.
 11322 | D:10     | Reached skill level 10 in Armour
 11589 | D:10     | Reached skill level 10 in Fighting
 11591 | D:10     | Reached skill level 10 in Shields
 11946 | D:10     | Noticed Harold
 11965 | D:10     | Killed Harold
 12242 | D:10     | Identified the +6 whip of Ecwodgh {elec, rPois rC++ Int+2
                  | Stlth+}
 12459 | D:11     | Found a staircase to the Lair.
 12478 | D:11     | Noticed a two-headed ogre
 12724 | D:10     | Killed a two-headed ogre
 13126 | D:10     | Slain by a yak

Illustrated notes

Levels and vault maps discovered:
D:1:      minmay_arrival_four_houses, layout_rooms, serial_curves,
          eino_curves_02, eino_curves_02, chequers_serial_rivers_micro_d
D:2:      layout_basic, palyth_stone_intersect
D:3:      layout_loops_cross, nicolae_hepliaklqana_hazy_memory,
          shapermc_ecumenical_altar_flowoftime
D:4:      layout_loops_ring, kennysheep_minor_cross, minmay_ruined_shrine
D:5:      layout_rooms, fedhas_bush_and_centaur_altar,
          nicolae_overflow_quartered_altars, minmay_temple_entry_metal_lava,
          serial_shops, kennysheep_mini, nicolae_shop_advertising_works
          [nicolae_subvault_shop_adworks], shop
D:6:      layout_loops_ring, corexii_hall_statues_i,
          eino_small_chamber_without_monster, uniq_maggie
D:7:      layout_cave_pools
D:8:      layout_gridville, minmay_shop_damaged, grunt_ministairs_13,
          small_statue_intersection
D:9:      layout_loops_ring
D:10:     layout_stronghold, nicolae_dithmenos_the_darkroom,
          minmay_shop_grid_forest, uniq_harold
D:11:     layout_cave_pools, david_lair_generic, dreamdust_mushroom_princess
Temple:   eino_wide_crystal_templ

Skill      XL: |  1  2  3  4  5  6  7  8  9 10 11 |
---------------+----------------------------------+-----
Fighting       | 4 5 7 8 9 10 | 10.4
Armour         | 4 5 7 8 9 10 | 10.4
Shields        | 4 5 7 8 9 10 | 10.4
Maces & Flails | 3 4 5 7 8 9 |  9.3

Action                     |  1- 3 |  4- 6 |  7- 9 | 10-12 || total
---------------------------+-------+-------+-------+-------++-------
  Melee: Flail             |   125 |   131 |    48 |       ||   304
         Mace              |       |       |   274 |   295 ||   569
         Whip              |       |       |       |    88 ||    88
  Evoke: Wand              |       |       |     1 |       ||     1
    Use: Potion            |     1 |     5 |     1 |     8 ||    15
         Scroll            |       |       |       |    20 ||    20
   Stab: Distracted        |       |       |     1 |     3 ||     4
 Armour: Scale mail        |    97 |    33 |       |       ||   130
         Skin              |       |    14 |       |       ||    14
         Chain mail        |       |    59 |   117 |       ||   176
         Storm dragon scal |       |       |   121 |    52 ||   173
         Crystal plate arm |       |       |       |   271 ||   271
  Dodge: Dodged            |    74 |    57 |   149 |    95 ||   375
  Block: Buckler           |    39 |    24 |    84 |    91 ||   238
         Kite shield       |       |       |       |    89 ||    89

Table legend: (Time is in decaauts)
 A = Elapsed time spent in this place.
 B = Non-inter-level travel time spent in this place.
 C = Inter-level travel time spent in this place.
 D = Time resting spent in this place.
 E = Time spent auto-exploring this place.
 F = Levels seen in this place.
 G = Mean time per level.
                   A        B        C        D        E       F      G
               +--------+--------+--------+--------+--------+-----+--------+
         Total |  13210 |  12583 |    627 |   4737 |   5820 |  12 | 1100.8 |
       Dungeon |  13150 |  12535 |    615 |   4737 |   5789 |  11 | 1195.5 |
        Temple |     59 |     47 |     12 |      0 |     31 |   1 |   59.0 |
               +--------+--------+--------+--------+--------+-----+--------+

Top non-repeatable levels by time:
    D:10: 2536 daAuts
     D:2: 1600 daAuts
     D:6: 1544 daAuts
     D:8: 1496 daAuts
     D:4: 1327 daAuts
     D:9: 1235 daAuts
     D:5: 1051 daAuts
     D:7: 797 daAuts
     D:3: 714 daAuts
     D:1: 710 daAuts
    D:11: 136 daAuts
  Temple: 59 daAuts
